 Dungeon Sprint DCSS version 0.16-a0-4078-g0e80503 (console) character file.

14900000 Monkaria the Axe Maniac (level 27, -179/273 HPs)
             Began as a Ghoul Gladiator on Feb 22, 2015.
             Was the Champion of Makhleb.
             Annihilated by a fleshlord
             ... wielding a +9 great mace
              (380 damage)
             ... in the Dungeon (Sprint VIII: "Arena of Blood").
             The game lasted 00:05:02 (149 turns).

Monkaria the Axe Maniac (Ghoul Gladiator)            Turns: 149, Time: 00:05:03

Health: -179/273   AC:  8    Str: 18 (23) XL:     27
Magic:  39/49      EV: 20    Int:  8      God:    Makhleb [******]
Gold:   0          SH:  0    Dex:  7 (13) Spells: 0 memorised, 80 levels left

rFire  . . .     SeeInvis .     i - +∞ Axe of Woe
rCold  + . .     Clarity  .     b - +0 leather armour
rNeg   + + +     SustAb   .     (no shield)
rPois  ∞         Gourm    .     c - +0 helmet
rElec  .         Spirit   .     (no cloak)
rCorr  .         Warding  .     (no gloves)
rMut   .         NoTele   +     (no boots)
MR     ++...                    (no amulet)
Stlth  +++++++++.               (no ring)
                                (no ring)

@: rotting, slowed, very slow, very resistant to hostile enchantments,
incredibly stealthy
A: rotting body, claws 1, carnivore 3, cold resistance 1, negative energy
resistance 3, poison resistance, slow healing 1, torment resistance, unbreathing
a: Minor Destruction, Lesser Servant of Makhleb, Major Destruction, Greater
Servant of Makhleb, Renounce Religion


You were in the Dungeon.
You worshipped Makhleb.
Makhleb was exalted by your worship.
You were not hungry.

You visited 1 branch

Inventory:

Hand weapons
 i - the +∞ Axe of Woe (weapon)
   (You found it in the Dungeon)
Missiles
 d - 3 throwing nets (quivered)
Armour
 b - a +0 leather armour (worn)
 c - a +0 helmet (worn)
Scrolls
 j - a scroll of blinking
Potions
 e - a potion of curing
 f - a potion of heal wounds
 g - a potion of haste
 h - 2 potions of magic


   Skills:
 O Level 27 Fighting
 O Level 27 Axes
 O Level 27 Throwing
 O Level 27 Armour
 O Level 27 Dodging
 O Level 27 Stealth
 O Level 27 Unarmed Combat
 O Level 27 Spellcasting
 O Level 27 Invocations


You had 80 spell levels left.
You didn't know any spells.

Dungeon Overview and Level Annotations

Branches:
Dungeon (1/1)

Altars:
Makhleb

Annotations:
D The Meatlord


Innate Abilities, Weirdness & Mutations

Your body is rotting away.
You thrive on raw meat.
You have sharp fingernails.
You are carnivorous and can eat meat at any time.
Your flesh is cold resistant.
You are immune to negative energy.
Your system is resistant to poisons.
You heal slowly when monsters are visible.
You are immune to unholy pain and torment.
You can survive without breathing.


Message History

Unknown command.
Unknown command.
You hit the fleshlord but do no damage.
You slaughter the fleshlord joyfully.
You kill the fleshlord!
Makhleb accepts your kill.
You feel a little better.
You slash the accursed!
You pulverise the accursed into a thin bloody mist.
You destroy the accursed!
Makhleb accepts your kill.
You feel extremely nervous for a moment...
You feel terrible.
You are engulfed in roaring flames.
The accursed casts a spell at you. Something smites you!
The tyrant waves its bony arms in wide circles.
The air twists around and strikes you!
The fleshlord casts a spell.
The fleshlord seems to speed up.
The fleshlord hits you with a +9 great mace!!!!!!
Ouch! That really hurt!
You die...

...........
.......W...
z......... #.......#
#.....§S# S.
..###.%§.)L%###....
...%%.%%###)pM.&....
#......%)_W)p.oo....
......#))@MC#...o...
... #_)p)§#...... .
#p.%.%# .....
..%..._%.%......
...%%.###..%....
.###.. .%.###.. #..
...# #.. ...# ..
..X..


You could see The Meatlord, 2 accurseds, a tyrant, a scourge, 4 fleshlords, a
large bag of meat (inner flame), a dread and 2 bags of meat.

Vanquished Creatures
  Edmund (D)
  Harold (D)
  Sigmund (D)
  12 great orbs of eyes (D)
  8 greater mummies (D)
  14 hell beasts (D)
  5 hell knights (D)
  14 hill giants (D)
  7 hydras (D)
  12 liches (D)
  50 ogres (D)
  156 orcs (D)
  11 phantoms (D)
  10 skeletal warriors (D)
  19 vampire knights (D)
  15 wraiths (D)
  7 sea snakes (D)
  8 tentacled monstrosities (D)
  28 large abominations (D)
  A soul eater (D)
  13 small abominations (D)
  2 shadows (D)
  24 crawling corpses (D)
419 creatures vanquished.

Vanquished Creatures (others)
  3 large abominations (D)
  7 crawling corpses (D)
10 creatures vanquished.

Grand Total: 429 creatures vanquished

Notes
Turn   | Place    | Note
--------------------------------------------------------------
     0 | D        | Monkaria, the Ghoul Gladiator, began the quest for the Orb.
     0 | D        | Reached XP level 1. HP: 17/17 MP: 1/1
     3 | D        | Noticed a bag of meat
     3 | D        | Noticed a bag of meat
     4 | D        | Noticed a bag of meat
     5 | D        | Noticed a bag of meat
     6 | D        | Noticed a bag of meat
     7 | D        | Noticed a meat berserker
     8 | D        | Noticed a bag of meat
     9 | D        | Killed a bag of meat
     9 | D        | Reached skill level 23 in Axes
     9 | D        | Reached XP level 2. HP: 24/24 MP: 2/2
     9 | D        | Reached XP level 3. HP: 29/29 MP: 3/3
     9 | D        | Reached XP level 4. HP: 36/36 MP: 3/3
     9 | D        | Reached XP level 5. HP: 41/41 MP: 4/4
     9 | D        | Reached XP level 6. HP: 48/48 MP: 5/5
     9 | D        | Reached XP level 7. HP: 55/55 MP: 5/5
     9 | D        | Reached XP level 8. HP: 61/61 MP: 6/6
     9 | D        | Reached XP level 9. HP: 67/67 MP: 7/7
     9 | D        | Reached XP level 10. HP: 73/73 MP: 7/7
     9 | D        | Reached XP level 11. HP: 79/79 MP: 8/8
     9 | D        | Killed a bag of meat
     9 | D        | Reached skill level 26 in Axes
     9 | D        | Reached XP level 12. HP: 85/85 MP: 9/9
    10 | D        | Killed a bag of meat
    10 | D        | Reached skill level 27 in Axes
    10 | D        | Reached XP level 13. HP: 90/122 MP: 9/9
    12 | D        | Killed a meat berserker
    12 | D        | Reached XP level 14. HP: 36/146 MP: 10/10
    12 | D        | Killed a bag of meat
    13 | D        | Became a worshipper of Makhleb the Destroyer
    14 | D        | Killed a bag of meat
    14 | D        | Reached XP level 15. HP: 37/170 MP: 11/11
    16 | D        | Noticed a bag of meat
    20 | D        | Noticed a large bag of meat
    20 | D        | Killed a bag of meat
    20 | D        | Acquired Makhleb's first power
    20 | D        | Reached skill level 27 in Fighting
    23 | D        | Noticed a bag of meat
    23 | D        | Noticed a bag of meat
    24 | D        | Noticed a destroyer
    25 | D        | Noticed a meat berserker
    25 | D        | Noticed a large bag of meat
    25 | D        | Noticed a destroyer
    26 | D        | Noticed a bag of meat
    26 | D        | Noticed a bag of meat
    26 | D        | Noticed a destroyer
    26 | D        | Killed a bag of meat
    26 | D        | Killed a destroyer
    26 | D        | Acquired Makhleb's second power
    26 | D        | Reached XP level 16. HP: 118/183 MP: 11/11
    26 | D        | Noticed a bag of meat
    26 | D        | Noticed a bag of meat
    27 | D        | Noticed a bag of meat
    27 | D        | Killed a meat berserker
    27 | D        | Killed a destroyer
    28 | D        | Noticed a bag of meat
    28 | D        | Noticed a meat berserker
    28 | D        | Noticed a bag of meat
    28 | D        | Killed a destroyer
    28 | D        | Acquired Makhleb's third power
    29 | D        | Noticed a bag of meat
    29 | D        | Killed a bag of meat
    29 | D        | Reached XP level 17. HP: 191/191 MP: 12/12
    30 | D        | Noticed a bag of meat
    31 | D        | Noticed a bag of meat
    31 | D        | Noticed an eight-headed meat hydra
    31 | D        | Noticed a destroyer
    31 | D        | Killed a large bag of meat
    31 | D        | Acquired Makhleb's fourth power
    31 | D        | Reached skill level 27 in Dodging
    31 | D        | Killed a bag of meat
    32 | D        | Noticed a bag of meat
    32 | D        | Noticed The Servant
    32 | D        | Killed a bag of meat
    32 | D        | Killed a bag of meat
    32 | D        | Acquired Makhleb's fifth power
    32 | D        | Reached XP level 18. HP: 200/200 MP: 13/13
    33 | D        | Noticed a bag of meat
    33 | D        | Noticed a sculptor of flesh
    33 | D        | Noticed a destroyer
    34 | D        | Noticed a meat berserker
    34 | D        | Noticed a meat berserker
    34 | D        | Killed a bag of meat
    34 | D        | Killed a nine-headed meat hydra
    34 | D        | Killed a large bag of meat
    34 | D        | Killed a meat berserker
    34 | D        | Reached skill level 27 in Armour
    35 | D        | Noticed a destroyer
    35 | D        | Noticed a sculptor of flesh
    35 | D        | Killed a bag of meat
    35 | D        | Reached skill level 15 in Invocations
    35 | D        | Reached XP level 19. HP: 207/207 MP: 13/34
    35 | D        | Killed a bag of meat
    36 | D        | Noticed a bag of meat
    36 | D        | Noticed a bag of meat
    36 | D        | Noticed a meat berserker
    36 | D        | Noticed a sculptor of flesh
    36 | D        | Killed a bag of meat
    37 | D        | Noticed a sculptor of flesh
    37 | D        | Noticed a bag of meat
    37 | D        | Noticed a bag of meat
    37 | D        | Noticed a sculptor of flesh
    37 | D        | Noticed a large bag of meat
    37 | D        | Killed a bag of meat
    37 | D        | Killed a sculptor of flesh
    37 | D        | Reached skill level 27 in Invocations
    37 | D        | Killed a sculptor of flesh
    37 | D        | Reached XP level 20. HP: 216/216 MP: 13/41
    38 | D        | Noticed a large bag of meat
    38 | D        | Killed a bag of meat
    38 | D        | Killed a bag of meat
    39 | D        | Noticed a meat berserker
    39 | D        | Noticed a bag of meat
    40 | D        | Killed The Servant
    40 | D        | Reached skill level 27 in Stealth
    40 | D        | Killed a meat berserker
    40 | D        | Killed a meat berserker
    40 | D        | Reached skill level 15 in Spellcasting
    40 | D        | Killed a meat berserker
    41 | D        | Killed a destroyer
    41 | D        | Reached XP level 21. HP: 224/224 MP: 14/43
    42 | D        | Noticed a meat berserker
    42 | D        | Killed a destroyer
    43 | D        | Killed a bag of meat
    43 | D        | Killed a sculptor of flesh
    44 | D        | Noticed a meat berserker
    44 | D        | Killed a bag of meat
    44 | D        | Killed a bag of meat
    44 | D        | Reached skill level 27 in Spellcasting
    45 | D        | Noticed a bag of meat
    45 | D        | Killed a meat berserker
    45 | D        | Reached skill level 15 in Throwing
    45 | D        | Reached XP level 22. HP: 233/233 MP: 15/47
    45 | D        | Killed a large bag of meat
    46 | D        | Noticed a destroyer
    46 | D        | Killed a meat berserker
    46 | D        | Killed a bag of meat
    47 | D        | Noticed a bag of meat
    48 | D        | Noticed a bag of meat
    48 | D        | Noticed a large bag of meat
    48 | D        | Killed a sculptor of flesh
    50 | D        | Noticed a bag of meat
    50 | D        | Killed a large bag of meat
    50 | D        | Killed a bag of meat
    50 | D        | Reached skill level 27 in Throwing
    50 | D        | Killed a sculptor of flesh
    51 | D        | Noticed an accursed
    51 | D        | Killed a bag of meat
    51 | D        | Reached XP level 23. HP: 240/240 MP: 16/47
    51 | D        | Killed a meat berserker
    51 | D        | Killed a destroyer
    52 | D        | Noticed a sculptor of flesh
    52 | D        | Noticed a large bag of meat
    52 | D        | Noticed a large bag of meat
    53 | D        | Noticed a destroyer
    53 | D        | Killed a destroyer
    53 | D        | Reached skill level 27 in Unarmed Combat
    54 | D        | Noticed a tyrant
    54 | D        | Noticed a tyrant
    54 | D        | Killed a bag of meat
    54 | D        | Killed a bag of meat
    54 | D        | Killed a bag of meat
    55 | D        | Noticed a meat berserker
    55 | D        | Noticed a tyrant
    55 | D        | Noticed a meat berserker
    55 | D        | Killed a bag of meat
    56 | D        | Killed a bag of meat
    57 | D        | Noticed a tyrant
    57 | D        | Noticed a meat berserker
    57 | D        | Noticed a bag of meat
    57 | D        | Killed a large bag of meat
    57 | D        | Reached XP level 24. HP: 152/249 MP: 17/48
    57 | D        | Killed a large bag of meat
    58 | D        | Noticed a bag of meat
    58 | D        | Noticed a bag of meat
    58 | D        | Killed a large bag of meat
    59 | D        | Noticed a bag of meat
    59 | D        | Noticed a destroyer
    59 | D        | Killed a destroyer
    61 | D        | Noticed The Captor
    61 | D        | Noticed a bag of meat
    61 | D        | Noticed a bag of meat
    62 | D        | Noticed a bag of meat
    62 | D        | Killed a tyrant
    62 | D        | Killed an accursed
    62 | D        | Killed a sculptor of flesh
    63 | D        | Killed a tyrant
    63 | D        | Killed a meat berserker
    64 | D        | Noticed a meat berserker
    64 | D        | Noticed a meat berserker
    66 | D        | Noticed a bag of meat
    67 | D        | Noticed an accursed
    67 | D        | Noticed a bag of meat
    67 | D        | Noticed a bag of meat
    67 | D        | Killed a tyrant
    67 | D        | Reached XP level 25. HP: 253/257 MP: 20/48
    67 | D        | Killed a bag of meat
    68 | D        | Noticed a bag of meat
    68 | D        | Noticed a meat berserker
    68 | D        | Killed The Captor
    68 | D        | Killed a bag of meat
    68 | D        | Killed a bag of meat
    68 | D        | Killed a bag of meat
    69 | D        | Noticed a meat berserker
    69 | D        | Noticed a bag of meat
    69 | D        | Killed a tyrant
    69 | D        | Killed a destroyer
    70 | D        | Noticed a bag of meat
    70 | D        | Noticed a destroyer
    70 | D        | Noticed a meat berserker
    70 | D        | Noticed a meat berserker
    70 | D        | Noticed a meat berserker
    70 | D        | Killed a bag of meat
    70 | D        | Killed a bag of meat
    70 | D        | Killed a meat berserker
    70 | D        | Reached XP level 26. HP: 266/266 MP: 21/48
    71 | D        | Noticed a meat berserker
    71 | D        | Noticed a bag of meat
    71 | D        | Noticed a tyrant
    71 | D        | Noticed a meat berserker
    71 | D        | Noticed a large bag of meat
    71 | D        | Noticed a meat berserker
    71 | D        | Killed a meat berserker
    71 | D        | Killed a bag of meat
    72 | D        | Noticed a bag of meat
    72 | D        | Noticed a bag of meat
    72 | D        | Noticed a dread
    72 | D        | Noticed a dread
    72 | D        | Noticed a meat berserker
    72 | D        | Killed a bag of meat
    72 | D        | Killed a meat berserker
    73 | D        | Noticed a dread
    73 | D        | Noticed a meat berserker
    73 | D        | Noticed a meat berserker
    73 | D        | Killed a meat berserker
    73 | D        | Killed a bag of meat
    74 | D        | Noticed a bag of meat
    74 | D        | Noticed a bag of meat
    74 | D        | Noticed a bag of meat
    74 | D        | Noticed a destroyer
    74 | D        | Noticed a meat berserker
    74 | D        | Noticed a meat beast
    74 | D        | Killed a meat berserker
    74 | D        | Killed a bag of meat
    75 | D        | Noticed a meat berserker
    75 | D        | Noticed a destroyer
    75 | D        | Noticed a dread
    75 | D        | Noticed a sculptor of flesh
    75 | D        | Killed a meat berserker
    75 | D        | Killed a bag of meat
    75 | D        | Killed a bag of meat
    75 | D        | Reached XP level 27. HP: 273/273 MP: 22/49
    76 | D        | Noticed a meat berserker
    76 | D        | Noticed a bag of meat
    76 | D        | Noticed a bag of meat
    76 | D        | Noticed a dread
    76 | D        | Killed a meat berserker
    76 | D        | Killed a meat berserker
    76 | D        | Killed a meat berserker
    76 | D        | Killed a dread
    77 | D        | Noticed a bag of meat
    77 | D        | Noticed a bag of meat
    77 | D        | Noticed a meat berserker
    77 | D        | Noticed a large bag of meat
    77 | D        | Killed a dread
    77 | D        | Killed a meat berserker
    77 | D        | Killed a meat berserker
    77 | D        | Killed a meat berserker
    77 | D        | Killed a destroyer
    77 | D        | Killed a meat beast
    78 | D        | Noticed a bag of meat
    78 | D        | Noticed a large bag of meat
    78 | D        | Noticed a bag of meat
    78 | D        | Noticed a bag of meat
    78 | D        | Noticed a bag of meat
    78 | D        | Noticed a large bag of meat
    78 | D        | Noticed a tyrant
    78 | D        | Killed a meat berserker
    78 | D        | Killed a meat berserker
    79 | D        | Noticed a bag of meat
    79 | D        | Noticed a bag of meat
    79 | D        | Noticed a bag of meat
    79 | D        | Noticed a meat berserker
    79 | D        | Noticed a dread
    79 | D        | Noticed a meat berserker
    79 | D        | Killed a bag of meat
    79 | D        | Killed a meat berserker
    79 | D        | Killed a bag of meat
    79 | D        | Killed a meat berserker
    80 | D        | Noticed a bag of meat
    80 | D        | Noticed a destroyer
    80 | D        | Noticed a bag of meat
    80 | D        | Noticed a meat beast
    80 | D        | Noticed a meat beast
    80 | D        | Noticed a bag of meat
    80 | D        | Noticed a bag of meat
    80 | D        | Noticed a large bag of meat
    80 | D        | Killed a meat berserker
    80 | D        | Killed a bag of meat
    80 | D        | Killed a meat berserker
    80 | D        | Killed a bag of meat
    81 | D        | Noticed a meat beast
    81 | D        | Noticed a meat berserker
    81 | D        | Noticed a bag of meat
    81 | D        | Noticed a bag of meat
    81 | D        | Noticed a bag of meat
    81 | D        | Noticed a meat berserker
    81 | D        | Noticed a bag of meat
    81 | D        | Killed a destroyer
    82 | D        | Noticed a bag of meat
    82 | D        | Noticed a meat berserker
    82 | D        | Noticed a bag of meat
    82 | D        | Noticed a bag of meat
    82 | D        | Noticed a bag of meat
    82 | D        | Noticed a bag of meat
    82 | D        | Noticed a bag of meat
    82 | D        | Noticed a meat berserker
    82 | D        | Noticed a bag of meat
    82 | D        | Noticed a meat berserker
    82 | D        | Killed a bag of meat
    82 | D        | Killed a meat berserker
    82 | D        | Killed a bag of meat
    82 | D        | Killed a bag of meat
    83 | D        | Noticed a bag of meat
    83 | D        | Noticed a bag of meat
    83 | D        | Noticed a bag of meat
    83 | D        | Noticed a large bag of meat
    83 | D        | Killed a meat beast
    83 | D        | Killed a bag of meat
    83 | D        | Killed a bag of meat
    83 | D        | Killed a destroyer
    83 | D        | Killed a dread
    84 | D        | Noticed a destroyer
    84 | D        | Noticed a bag of meat
    84 | D        | Noticed a bag of meat
    84 | D        | Noticed a bag of meat
    84 | D        | Noticed a bag of meat
    84 | D        | Noticed an accursed
    84 | D        | Noticed a sculptor of flesh
    84 | D        | Noticed a bag of meat
    84 | D        | Killed a large bag of meat
    84 | D        | Killed a bag of meat
    84 | D        | Killed a meat berserker
    84 | D        | Killed a tyrant
    84 | D        | Killed a bag of meat
    85 | D        | Noticed a bag of meat
    85 | D        | Noticed a bag of meat
    85 | D        | Noticed a bag of meat
    85 | D        | Noticed a bag of meat
    85 | D        | Noticed a meat berserker
    85 | D        | Noticed a bag of meat
    85 | D        | Noticed a meat berserker
    85 | D        | Killed a tyrant
    85 | D        | Killed a sculptor of flesh
    85 | D        | Killed a meat berserker
    86 | D        | Noticed a bag of meat
    86 | D        | Noticed a bag of meat
    86 | D        | Noticed a bag of meat
    86 | D        | Noticed a destroyer
    86 | D        | Noticed a meat berserker
    86 | D        | Noticed a meat berserker
    86 | D        | Noticed a bag of meat
    86 | D        | Noticed a bag of meat
    86 | D        | Noticed a bag of meat
    86 | D        | Killed a meat berserker
    86 | D        | Killed a destroyer
    86 | D        | Killed a meat beast
    86 | D        | Killed a large bag of meat
    86 | D        | Killed an accursed
    87 | D        | Noticed a sculptor of flesh
    87 | D        | Noticed a bag of meat
    87 | D        | Noticed a dread
    87 | D        | Noticed a meat beast
    87 | D        | Noticed a bag of meat
    87 | D        | Noticed a bag of meat
    87 | D        | Noticed a bag of meat
    87 | D        | Noticed a tyrant
    87 | D        | Killed a large bag of meat
    87 | D        | Killed a bag of meat
    88 | D        | Noticed a meat beast
    88 | D        | Noticed an accursed
    88 | D        | Noticed a bag of meat
    88 | D        | Noticed a tyrant
    88 | D        | Killed a bag of meat
    88 | D        | Killed a bag of meat
    88 | D        | Killed a large bag of meat
    88 | D        | Killed a bag of meat
    88 | D        | Killed a bag of meat
    88 | D        | Killed a bag of meat
    89 | D        | Noticed a dread
    89 | D        | Noticed a meat beast
    89 | D        | Noticed a bag of meat
    89 | D        | Noticed a bag of meat
    89 | D        | Noticed a bag of meat
    89 | D        | Noticed a bag of meat
    89 | D        | Noticed a bag of meat
    89 | D        | Noticed a meat berserker
    89 | D        | Killed a meat berserker
    90 | D        | Noticed an accursed
    90 | D        | Noticed a bag of meat
    90 | D        | Noticed a meat beast
    90 | D        | Noticed a bag of meat
    90 | D        | Noticed a bag of meat
    90 | D        | Noticed a bag of meat
    90 | D        | Killed a bag of meat
    90 | D        | Killed a bag of meat
    90 | D        | Killed a bag of meat
    90 | D        | Killed a large bag of meat
    91 | D        | Noticed a dread
    91 | D        | Noticed a bag of meat
    91 | D        | Noticed a meat berserker
    91 | D        | Noticed a bag of meat
    91 | D        | Noticed a bag of meat
    91 | D        | Noticed a bag of meat
    91 | D        | Noticed a meat berserker
    91 | D        | Noticed a sculptor of flesh
    91 | D        | Killed a tyrant
    91 | D        | Killed a destroyer
    91 | D        | Killed a sculptor of flesh
    91 | D        | Killed a dread
    91 | D        | Killed a meat berserker
    92 | D        | Noticed a bag of meat
    92 | D        | Killed a dread
    92 | D        | Killed a meat berserker
    92 | D        | Killed a meat berserker
    92 | D        | Killed a bag of meat
    92 | D        | Killed a bag of meat
    93 | D        | Noticed a bag of meat
    93 | D        | Noticed a bag of meat
    93 | D        | Noticed a destroyer
    93 | D        | Noticed a bag of meat
    93 | D        | Noticed a destroyer
    93 | D        | Killed a meat beast
    93 | D        | Killed a bag of meat
    93 | D        | Killed a bag of meat
    93 | D        | Killed a meat beast
    93 | D        | Killed a meat beast
    93 | D        | Killed a bag of meat
    94 | D        | Noticed a bag of meat
    94 | D        | Noticed a bag of meat
    94 | D        | Noticed a bag of meat
    94 | D        | Noticed a meat berserker
    94 | D        | Noticed a dread
    94 | D        | Killed an accursed
    94 | D        | Killed a destroyer
    94 | D        | Killed a meat berserker
    94 | D        | Killed a bag of meat
    95 | D        | Noticed a bag of meat
    95 | D        | Killed a bag of meat
    95 | D        | Killed a bag of meat
    95 | D        | Killed a bag of meat
    95 | D        | Killed a bag of meat
    95 | D        | Killed a large bag of meat
    96 | D        | Noticed a meat beast
    96 | D        | Noticed a bag of meat
    96 | D        | Noticed a bag of meat
    96 | D        | Noticed a bag of meat
    96 | D        | Killed a bag of meat
    96 | D        | Killed a bag of meat
    96 | D        | Killed a bag of meat
    96 | D        | Killed a meat beast
    96 | D        | Killed a bag of meat
    97 | D        | Noticed a meat beast
    97 | D        | Noticed a bag of meat
    97 | D        | Noticed a bag of meat
    97 | D        | Noticed a meat berserker
    97 | D        | Killed a bag of meat
    97 | D        | Killed a bag of meat
    97 | D        | Killed a bag of meat
    97 | D        | Killed a bag of meat
    97 | D        | Killed a bag of meat
    97 | D        | Killed a bag of meat
    98 | D        | Noticed a meat berserker
    98 | D        | Noticed a bag of meat
    98 | D        | Noticed a bag of meat
    98 | D        | Killed a meat berserker
    98 | D        | Killed a bag of meat
    98 | D        | Killed a bag of meat
    98 | D        | Killed a wretched soul
    98 | D        | Killed a bag of meat
    99 | D        | Noticed a bag of meat
    99 | D        | Noticed a bag of meat
    99 | D        | Noticed a destroyer
    99 | D        | Killed a bag of meat
    99 | D        | Killed a meat berserker
    99 | D        | Killed a bag of meat
    99 | D        | Killed a bag of meat
    99 | D        | Killed a meat beast
    99 | D        | Killed a bag of meat
   100 | D        | Noticed a meat beast
   100 | D        | Killed a meat berserker
   100 | D        | Killed a meat berserker
   100 | D        | Killed a destroyer
   100 | D        | Killed a bag of meat
   101 | D        | Noticed an accursed
   101 | D        | Noticed a meat beast
   101 | D        | Killed a dread
   101 | D        | Killed a bag of meat
   101 | D        | Killed a meat berserker
   101 | D        | Killed an accursed
   101 | D        | Killed a bag of meat
   102 | D        | Noticed a bag of meat
   102 | D        | Noticed a bag of meat
   102 | D        | Noticed a bag of meat
   102 | D        | Killed a destroyer
   102 | D        | Killed a bag of meat
   102 | D        | Killed a bag of meat
   103 | D        | Noticed an accursed
   103 | D        | Noticed a bag of meat
   103 | D        | Noticed a bag of meat
   103 | D        | Killed a bag of meat
   103 | D        | Killed a dread
   103 | D        | Killed a bag of meat
   103 | D        | Killed a bag of meat
   104 | D        | Noticed a bag of meat
   104 | D        | Noticed a bag of meat
   104 | D        | Noticed a bag of meat
   104 | D        | Killed a meat beast
   104 | D        | Killed a bag of meat
   104 | D        | Killed a dread
   104 | D        | Killed a bag of meat
   105 | D        | Noticed a meat berserker
   105 | D        | Killed a bag of meat
   105 | D        | Killed a bag of meat
   105 | D        | Killed a bag of meat
   105 | D        | Killed a bag of meat
   105 | D        | Killed a bag of meat
   105 | D        | Killed a wretched soul
   106 | D        | Noticed a meat berserker
   106 | D        | Killed a meat beast
   106 | D        | Killed a bag of meat
   107 | D        | Noticed a bag of meat
   107 | D        | Noticed a tyrant
   107 | D        | Killed a meat berserker
   107 | D        | Killed a meat berserker
   107 | D        | Killed a bag of meat
   107 | D        | Killed a bag of meat
   108 | D        | Noticed a tyrant
   108 | D        | Killed a meat berserker
   108 | D        | Killed a bag of meat
   108 | D        | Killed an observer
   109 | D        | Noticed a bag of meat
   109 | D        | Noticed a bag of meat
   109 | D        | Noticed a bag of meat
   109 | D        | Killed a meat beast
   109 | D        | Killed a bag of meat
   110 | D        | Noticed a bag of meat
   110 | D        | Killed an observer
   110 | D        | Killed a bag of meat
   110 | D        | Killed a meat beast
   110 | D        | Killed a dread
   110 | D        | Killed a bag of meat
   110 | D        | Killed a bag of meat
   111 | D        | Noticed a bag of meat
   111 | D        | Noticed a bag of meat
   111 | D        | Killed a dread
   111 | D        | Killed a bag of meat
   111 | D        | Killed a bag of meat
   111 | D        | Killed a sculptor of flesh
   111 | D        | Killed a meat berserker
   112 | D        | Noticed a meat berserker
   112 | D        | Noticed a dread
   112 | D        | Noticed a bag of meat
   112 | D        | Noticed a meat berserker
   113 | D        | Killed a bag of meat
   113 | D        | Killed a bag of meat
   113 | D        | Killed an observer
   114 | D        | Noticed a bag of meat
   114 | D        | Noticed a dread
   114 | D        | Killed a destroyer
   114 | D        | Killed a bag of meat
   114 | D        | Killed a bag of meat
   114 | D        | Killed a bag of meat
   115 | D        | Killed a bag of meat
   115 | D        | Killed a bag of meat
   115 | D        | Killed a bag of meat
   116 | D        | Killed a tyrant
   116 | D        | Killed a bag of meat
   116 | D        | Killed an observer
   116 | D        | Killed a bag of meat
   116 | D        | Killed a bag of meat
   117 | D        | Noticed a bag of meat
   117 | D        | Killed a bag of meat
   117 | D        | Killed a sculptor of flesh
   117 | D        | Killed an observer
   117 | D        | Killed a bag of meat
   117 | D        | Killed a bag of meat
   118 | D        | Noticed a bag of meat
   118 | D        | Killed a bag of meat
   118 | D        | Killed a wretched soul
   118 | D        | Killed a bag of meat
   119 | D        | Noticed a bag of meat
   119 | D        | Killed a bag of meat
   119 | D        | Killed a bag of meat
   119 | D        | Killed a bag of meat
   119 | D        | Killed an observer
   119 | D        | Killed a bag of meat
   120 | D        | Noticed a bag of meat
   120 | D        | Killed an observer
   120 | D        | Killed an observer
   120 | D        | Killed a bag of meat
   121 | D        | Noticed a tyrant
   121 | D        | Noticed a bag of meat
   121 | D        | Killed a bag of meat
   121 | D        | Killed a wretched soul
   121 | D        | Killed a bag of meat
   121 | D        | Killed a bag of meat
   121 | D        | Killed a bag of meat
   122 | D        | Noticed a bag of meat
   122 | D        | Killed a wretched soul
   122 | D        | Killed a bag of meat
   122 | D        | Killed a bag of meat
   123 | D        | Killed a bag of meat
   123 | D        | Killed a bag of meat
   124 | D        | Killed a dread
   124 | D        | Killed a wretched soul
   124 | D        | Killed a tyrant
   125 | D        | Noticed a tyrant
   125 | D        | Noticed The Defiler
   125 | D        | Killed a bag of meat
   125 | D        | Killed an observer
   126 | D        | Killed a meat berserker
   126 | D        | Killed a dread
   126 | D        | Killed an observer
   127 | D        | Noticed a bag of meat
   127 | D        | Noticed a dread
   127 | D        | Noticed a dread
   127 | D        | Noticed a destroyer
   127 | D        | Killed an observer
   127 | D        | Killed a bag of meat
   128 | D        | Killed a tyrant
   129 | D        | Noticed a bag of meat
   129 | D        | Killed an accursed
   129 | D        | Killed a bag of meat
   129 | D        | Killed a bag of meat
   130 | D        | Noticed a bag of meat
   130 | D        | Killed a bag of meat
   130 | D        | Killed an observer
   131 | D        | Noticed a large bag of meat
   131 | D        | Killed a dread
   132 | D        | Noticed an accursed
   132 | D        | Killed The Defiler
   132 | D        | Killed a bag of meat
   133 | D        | Killed a wretched soul
   133 | D        | Killed a bag of meat
   133 | D        | Killed a destroyer
   134 | D        | Noticed a fleshlord
   134 | D        | Killed a bag of meat
   135 | D        | Noticed an accursed
   135 | D        | Noticed an accursed
   135 | D        | Killed a tyrant
   135 | D        | Killed a large bag of meat
   136 | D        | Killed a fleshlord
   136 | D        | Killed a dread
   136 | D        | Killed a meat berserker
   137 | D        | Killed a meat berserker
   137 | D        | Killed a bag of meat
   138 | D        | Noticed a dread
   138 | D        | Killed a meat berserker
   139 | D        | Noticed a large bag of meat
   140 | D        | Noticed a fleshlord
   140 | D        | Noticed a meat beast
   140 | D        | Killed a bag of meat
   141 | D        | Noticed a fleshlord
   142 | D        | Noticed a fleshlord
   142 | D        | Noticed a bag of meat
   142 | D        | Killed an accursed
   143 | D        | Noticed a meat beast
   143 | D        | Killed a bag of meat
   143 | D        | Killed a wretched soul
   144 | D        | Noticed a fleshlord
   144 | D        | Killed an accursed
   145 | D        | Noticed a fleshlord
   145 | D        | Noticed a bag of meat
   145 | D        | Killed a dread
   145 | D        | Killed a wretched soul
   146 | D        | Noticed a dread
   146 | D        | Noticed a fleshlord
   146 | D        | Noticed a fleshlord
   146 | D        | Killed a meat beast
   146 | D        | Killed a fleshlord
   146 | D        | Killed a bag of meat
   146 | D        | Killed a wretched soul
   146 | D        | Killed a wretched soul
   147 | D        | Noticed a tyrant
   147 | D        | Noticed a bag of meat
   147 | D        | Noticed a fleshlord
   147 | D        | Killed a tyrant
   147 | D        | Killed a meat beast
   148 | D        | Noticed a bag of meat
   148 | D        | Killed a fleshlord
   148 | D        | Killed a bag of meat
   148 | D        | Killed a bag of meat
   148 | D        | Killed a fleshlord
   148 | D        | Noticed The Meatlord
   149 | D        | Killed a fleshlord
   149 | D        | Killed an accursed
   149 | D        | Annihilated by a fleshlord

Action                   |  1- 3 |  4- 6 |  7- 9 | 10-12 | 13-15 | 16-18 | 19-21 | 22-24 | 25-27 || total
-------------------------+-------+-------+-------+-------+-------+-------+-------+-------+-------++-------
Melee: Executioner's axe |     1 |       |       |     1 |     4 |     7 |     9 |    15 |    80 ||   117
 Stab: Held in net/web   |       |       |       |       |       |       |       |       |     2 ||     2
